 Dungeon Crawl Stone Soup version 0.20-a0-924-gfa95efa (webtiles) character file.

69 Rrauwl the Grasshopper (level 4, -9/35 HPs)
             Began as a Barachi Warper on Mar 27, 2017.
             Mangled by Sigmund
             ... wielding a +0 scythe
              (12 damage)
             ... on level 2 of the Dungeon.
             The game lasted 00:03:31 (1663 turns).

Rrauwl the Grasshopper (Barachi Warper)             Turns: 1663, Time: 00:03:31

Health: -9/35      AC:  3    Str: 17    XL:     4   Next: 20%
Magic:  17/17      EV: 13    Int: 18    God:
Gold:   114        SH:  0    Dex: 13    Spells: 8/8 levels left

rFire    . . .     SeeInvis .   a - +0 falchion
rCold    . . .     Gourm    .   (no shield)
rNeg     . . .     Faith    .   b - +0 leather armour
rPois    .         Spirit   .   (no helmet)
rElec    .         Reflect  .   (no cloak)
rCorr    .         Harm     .   (no gloves)
MR       .....                  (no boots)
Stlth    +.........             (no amulet)
Regen    0.2/turn               m - ring of magical power
MPRegen  0.2/turn               (no ring)

@: mighty, brilliant, very slightly contaminated, hasted, quick
A: +LOS, swims, slowness 1, strong legs 1
a: Hop


You were on level 2 of the Dungeon.
You were not hungry.

You visited 1 branch of the dungeon, and saw 2 of its levels.

You collected 114 gold pieces.

Inventory:

Hand Weapons
 a - a +0 falchion (weapon)
Missiles
 e - 5 tomahawks of dispersal (quivered)
Armour
 b - a +0 leather armour (worn)
Jewellery
 m - a ring of magical power (left hand)
Scrolls
 d - 2 scrolls of blinking
 h - a scroll of immolation {unknown}
 i - 2 scrolls of identify {unknown}
 n - a scroll of remove curse {unknown}
 p - a scroll of teleportation {unknown}
Potions
 k - a potion of brilliance
Books
 c - a book of Spatial Translocations

   Spells                             Type                      Level
   a - Blink                          Translocation                2
   b - Shroud of Golubria             Charms/Translocation         2
   c - Lesser Beckoning               Translocation                3
   d - Gell's Gravitas                Translocation                3
   e - Teleport Other                 Translocation                3
   f - Passage of Golubria            Translocation                4
Comestibles
 f - a bread ration
 g - a royal jelly
 l - a meat ration


   Skills:
 + Level 3.2 Fighting
 + Level 3.2 Long Blades
 - Level 1.0 Throwing
 + Level 2.1 Armour
 + Level 2.9 Dodging
 + Level 2.7 Spellcasting
   Level 3.2 Translocations


You had 8 spell levels left.
You didn't know any spells.

Dungeon Overview and Level Annotations

Branches:
Dungeon (2/15)

Altars:

Annotations:
D:2 Sigmund


Innate Abilities, Weirdness & Mutations

Shadows flee at your approach. (+LOS)
You can swim through water.
You cover ground slowly.
You can hop short distances.


Message History

You barely miss something. Something hits you.
You bump into the rock wall.
Something barely misses you.
You bump into the rock wall.
Something hits you.
You're too confused to move!
You feel less confused.
You closely miss something. Something hits you.
You barely miss something. Something hits you.
You slash something! Something hits you.
You closely miss something. You closely miss something.
Something barely misses you.
You miss something. Something hits you but does no damage.
You miss something. You miss something. Something hits you.
You barely miss something. Something barely misses you.
You barely miss something. Something barely misses you.
You miss something. Something hits you!
* * * LOW HITPOINT WARNING * * *
You completely miss something. You slash something! Something hits you!
You die...

... #..####.#. #.#
#.......#. #.#
##'######. #.#
##...## #. #.#
##.....## #. ##.##
##.......###.
##...####.........##.
#..$....'.........+..
##..@####.........###
##{..# ##.......##
#..##?# ##.....##
#... .# ##...## #.#.
# ####+## ## .. ..#.#
.# #.#.###### .#
##.#.##...# .#
#.........#


There were no monsters in sight!

Vanquished Creatures
  2 adders
  A worm (D:2)
  4 dart slugs
  A giant cockroach (D:1)
  8 goblins
  4 hobgoblins (D:1)
  4 jackals (D:1)
  4 kobolds
  5 bats
  3 frilled lizards
  5 rats
41 creatures vanquished.

Notes
Turn   | Place    | Note
-------+----------+-------------------------------------------
     0 | D:1      | Rrauwl the Barachi Warper began the quest for the Orb.
     0 | D:1      | Reached XP level 1. HP: 17/17 MP: 3/3
   110 | D:1      | Reached XP level 2. HP: 10/23 MP: 5/5
   545 | D:1      | Reached XP level 3. HP: 28/28 MP: 6/6
  1273 | D:2      | Reached XP level 4. HP: 6/34 MP: 7/7
  1633 | D:2      | Noticed Sigmund
  1663 | D:2      | Mangled by Sigmund

Vault maps used:
D:1:      scummos_arrival_gate
D:2:      uniq_robin, uniq_sigmund

Skill      XL: |  1  2  3  4 |
---------------+-------------+-----
Long Blades    | 3 |  3.2
Armour         | 2 |  2.1
Fighting       | 3 |  3.2
Throwing       | |  1.0
Dodging        | |  2.9
Spellcasting   | |  2.7
Translocations | |  3.2

Action                   |  1- 3 |  4- 6 || total
-------------------------+-------+-------++-------
Melee: Falchion          |   103 |    36 ||   139
  Use: Potion            |       |     4 ||     4
 Stab: Distracted        |     1 |       ||     1
  Eat: Chunk             |     2 |     1 ||     3
Armor: Leather armour    |    39 |     5 ||    44
Dodge: Dodged            |    75 |    16 ||    91
       Rpst.: Falchion   |    25 |     3 ||    28
